 Dungeon Crawl Stone Soup version 0.29-a0-334-gb41bcbb86e (webtiles) character file.

Game seed: 10531107958633394022

4 spaghetti the Sneak (level 1, -1/18 HPs)
             Began as a Demonspawn Delver on Apr 14, 2022.
             Slain by an adder (4 damage)
             ... on level 4 of the Dungeon.
             The game lasted 00:01:28 (299 turns).

spaghetti the Sneak (Demonspawn Delver)              Turns: 299, Time: 00:01:29

Health: -1/18      AC:  3    Str: 12    XL:     1   Next: 50%
Magic:  1/1        EV: 11    Int: 11    God:
Gold:   45         SH:  0    Dex: 14    Spells: 0/0 levels left

rFire   . . .      SeeInvis .   a - +0 short sword {short}
rCold   . . .      Faith    .   (no shield)
rNeg    . . .      Spirit   .   b - +0 leather armour
rPois   .          Reflect  .   (no helmet)
rElec   .          Harm     .   (no cloak)
rCorr   .          Rampage  .   (no gloves)
Will    .....                   (no boots)
Stlth   +++.......              (no amulet)
HPRegen 0.06/turn               (no ring)
MPRegen 0.07/turn               (no ring)

@: no status effects
A: no striking features
a: no special abilities


You were on level 4 of the Dungeon.
You visited 1 branch of the dungeon, and saw 2 of its levels.

You collected 45 gold pieces.


   Skills:
 - Level 3.0 Fighting
 - Level 1.7 Short Blades
 + Level 0.5 Maces & Flails
 - Level 1.7 Dodging
 - Level 4.6 Stealth


You couldn't memorise any spells.
You didn't know any spells.
Your spell library was empty.

Inventory:

Hand Weapons
 a - a +0 short sword (weapon) {short}
Armour
 b - a +0 leather armour (worn)
Jewellery
 h - a ring of ice
   (You found it on level 5 of the Dungeon)
Wands
 g - a wand of digging (3)
Scrolls
 c - a scroll of fog
 d - a scroll of magic mapping {!r}
Potions
 f - a potion of haste {@q3}

Dungeon Overview and Level Annotations

Branches:
Dungeon (5/15)
 Temple: D:4-7

Altars:

Shops:
D:5 (

Annotations:
D:4 1 runed translucent door
D:5 exclusion: 2 doors, Dowan, Duvessa

?.....#..h#####...#.##
........#.......#....#
......#...#####...#..#
.....###.## ##.##..#
.....# #.# #.#...#
....## #.# #.#...#
...## #.# #.#...#
..######.## ##.##..#
###...#...#####S@.#..#
.S......#.......#...##
..###.#...#####...###
### #.##.## ##.##.#
#....# #....# ######
######


You could see an adder.


Message History

Okay, then.
You can access your shopping list by pressing '$'.
You can access your shopping list by pressing '$'.
h - a ring of ice
Found an escape hatch in the ceiling.
Found an escape hatch in the floor.
You now have 45 gold pieces (gained 14).
Dowan, Brother of Duvessa comes into view.
He is wielding a +0 dagger.
Okay, then.
Duvessa, Sister of Dowan comes into view.
She is wielding a +0 short sword.
Dowan shouts!
There is an escape hatch in the floor here.
There is an escape hatch in the ceiling here.
A mysterious force pulls you upwards. The hatch slams shut behind you.
Level annotation: 1 runed translucent door Unknown command.
Unknown command.
The helpless ball python fails to defend itself.
You puncture the ball python!
You kill the ball python!
The helpless endoplasm fails to defend itself.
You impale the endoplasm!!
You kill the endoplasm!
A hound comes into view.
A hound is nearby!
A hound is nearby!
A hound is nearby!
A hound is nearby!
You start waiting.
Done waiting.
A hound is nearby!
A hound is nearby!
A hound is nearby!
A hound is nearby!
Unknown command.
An adder comes into view.
The helpless adder fails to defend itself.
You puncture the adder! The adder bites you. x2 😮 HP[-6]
You take 6 damage, and now have 12/18 hp.
MASSIVE DAMAGE!! (PAUSE)
You miss the adder. The adder bites you.
You are poisoned.
The adder poisons you! 😮 HP[-1]
You take 1 damage, and now have 11/18 hp.
Okay, then.
Okay, then.
Okay, then.
Okay, then.
As you read the scroll of fear, it crumbles to dust.
You assume a fearsome visage.
The adder looks frightened!
You feel sick. 😮 HP[-1]
You take 1 damage, and now have 10/18 hp.
Unknown command.
You feel sick.
You feel sick. 😨 HP[-1]
You take 1 damage, and now have 9/18 hp.
You feel sick. 😨 HP[-1]
You take 1 damage, and now have 8/18 hp.
You feel sick.
You are no longer poisoned. 😨 HP[-1]
You take 1 damage, and now have 7/18 hp.
A hound comes into view. 😨 HP[+1]
You start resting.
An adder is nearby!
You start resting.
There are monsters nearby! 😨 HP[+1]
Okay, then.
The adder bites you.
* * * LOW HITPOINT WARNING * * *
😨 HP[-1]
You take 1 damage, and now have 8/18 hp.
Unknown command.
You closely miss the adder. The adder barely misses you. The adder bites you.
* * * LOW HITPOINT WARNING * * *
😨 HP[-1]
You take 1 damage, and now have 7/18 hp.
You miss the adder. The adder barely misses you.
You closely miss the adder. The adder barely misses you.
You hit the adder. The adder bites you.
* * * LOW HITPOINT WARNING * * *
😨 HP[-1]
You take 1 damage, and now have 6/18 hp.
You barely miss the adder. The adder bites you.
* * * LOW HITPOINT WARNING * * *
The adder barely misses you. 😨 HP[-1]
You take 1 damage, and now have 5/18 hp.
You closely miss the adder. The adder bites you but does no damage.
You miss the adder. The adder misses you.
You closely miss the adder. The adder bites you.
* * * LOW HITPOINT WARNING * * *
The adder bites you.
You die...

Action                   || total
-------------------------++-------
Melee: Short sword       ||    15
  Use: Scroll            ||     1
 Stab: Sleeping          ||     3
Armor: Leather armour    ||     1
Dodge: Dodged            ||     7

Levels and vault maps discovered:
D:4:      layout_cave_pods, gammafunk_ghost_split, minmay_misc_feat_tower
D:5:      layout_basic, lemuel_coloured_pillars_altar, serial_shops,
          shop_statue, shop, nicolae_shop_behind_doors, nicolae_shop_stone,
          kennysheep_mini, uniq_duvessa

Notes
Turn   | Place    | Note
-------+----------+-------------------------------------------
     0 | D:5      | spaghetti the Demonspawn Delver began the quest for the
                  | Orb.
     0 | D:5      | Reached XP level 1. HP: 18/18 MP: 1/1
     0 | D:5      | magus.rc [v1.9.6]
    16 | D:4      | Noticed a black bear
    18 | D:4      | Found a runed translucent gate.
    34 | D:5      | Noticed a centaur
    47 | D:5      | Found Mysoef's Weapon Shoppe.
    75 | D:5      | Noticed Dowan
    76 | D:5      | Noticed Duvessa
    92 | D:4      | Noticed a hound
   253 | D:4      | Noticed a hound
   299 | D:4      | HP: 3/18 [adder (3)]
   299 | D:4      | Slain by an adder

Vanquished Creatures
  An orc (D:4)
  An endoplasm (D:4)
  A ball python (D:4)
3 creatures vanquished.

Table legend:
 A = Non-vault XP
 B = Vault XP
 C = Vault XP percentage of total XP
 D = Non-vault monster count
 E = Vault monster count
 F = Vault count percentage of total count
                 A         B        C        D         E       F
            +---------+---------+-------+---------+---------+-------
      Total |       6 |       0 |   0.0 |       3 |       0 |   0.0
            +---------+---------+-------+---------+---------+-------
        D:4 |       6 |       0 |   0.0 |       3 |       0 |   0.0
            +---------+---------+-------+---------+---------+-------

Illustrated notes

Table legend:
 A = Kills in this place as a percentage of kills in entire the game.
 B = Kills by you in this place as a percentage of kills by you in the entire game.
 C = Kills by friends in this place as a percentage of kills by friends in the entire game.
 D = Other kills in this place as a percentage of other kills in the entire game.
 E = Experience gained in this place as a percentage of experience gained in the entire game.
 F = Experience gained in this place divided by the number of levels of this place that you have seen.
                   A       B       C       D       E      F
               +-------+-------+-------+-------+-------+----------------------
         Total | 100.0 | 100.0 |   N/A |   N/A | 100.0 |   3.0
       Dungeon | 100.0 | 100.0 |   N/A |   N/A | 100.0 |   3.0
               +-------+-------+-------+-------+-------+----------------------

Table legend: (Time is in decaauts)
 A = Elapsed time spent in this place.
 B = Non-inter-level travel time spent in this place.
 C = Inter-level travel time spent in this place.
 D = Time resting spent in this place.
 E = Time spent auto-exploring this place.
 F = Levels seen in this place.
 G = Mean time per level.
                   A        B        C        D        E       F      G
               +--------+--------+--------+--------+--------+-----+--------+
         Total |    300 |    300 |      0 |    114 |     65 |   2 |  150.0 |
       Dungeon |    300 |    300 |      0 |    114 |     65 |   2 |  150.0 |
               +--------+--------+--------+--------+--------+-----+--------+

Top non-repeatable levels by time:
     D:4: 232 daAuts
     D:5: 67 daAuts
